 Dungeon Crawl Stone Soup version 0.30-a0-996-ga6910c8ee8 (webtiles) character file.

Game seed: 7174745906954284493

5691 Dirtsage the Grappler (level 10, -6/76 HPs)
             Began as a Demonspawn Berserker on Apr 4, 2023.
             Was an Elder of Trog.
             Mangled by a shadow (8 damage)
             ... on level 9 of the Dungeon.
             The game lasted 00:10:46 (7401 turns).

Dirtsage the Grappler (Demonspawn Berserker)        Turns: 7401, Time: 00:10:47

Health: -6/76      AC:  8    Str: 21    XL:     10   Next: 47%
Magic:  10/10      EV: 11    Int:  9    God:    Trog [****..]
Gold:   315        SH:  0    Dex: 13    Spells: 9/9 levels left

rFire   . . .      SeeInvis .      - Unarmed
rCold   . . .      Faith    +    (no shield)
rNeg    . . .      Spirit   .    r - +1 ring mail {rPois}
rPois   +          Reflect  .    (helmet restricted)
rElec   .          Rampage  .    (no cloak)
rCorr   .                        (no gloves)
Will    .....                    v - +0 pair of boots
Stlth   +                        m - amulet of faith
HPRegen 0.32/turn                (no ring)
MPRegen 0.12/turn                (no ring)

@: on berserk cooldown, slowed, very slow
A: hooves 2, horns 1, ignite blood 1, spiny 2, weakness stinger 2
a: Renounce Religion, Berserk, Trog's Hand, Brothers in Arms


You were on level 9 of the Dungeon.
You worshipped Trog.
Trog was greatly pleased with you.
You visited 2 branches of the dungeon, and saw 10 of its levels.

You collected 399 gold pieces.
You spent 84 gold pieces at shops.

Inventory:

Missiles
 D - 2 throwing nets (quivered)
Armour
 r - a +1 ring mail of poison resistance (worn)
 v - a +0 pair of boots (worn)
 B - a +0 helmet
Jewellery
 b - an amulet of guardian spirit
 m - an amulet of faith (around neck)
 n - an amulet of reflection
Wands
 J - a wand of iceblast (9)
 M - a wand of light (4)
Scrolls
 a - 2 scrolls of poison {unknown}
 f - 3 scrolls of fog {unknown}
 g - 2 scrolls of fear
 k - 6 scrolls of identify {unknown}
 o - 3 scrolls of immolation {unknown}
 t - 3 scrolls of teleportation
 u - 2 scrolls of magic mapping {unknown}
 w - a scroll of noise {unknown}
 x - 2 scrolls of blinking {unknown}
 y - 2 scrolls of summoning {unknown}
 A - a scroll of enchant weapon {unknown}
 F - a scroll of brand weapon {unknown}
 G - a scroll of silence {unknown}
 H - a scroll of amnesia {unknown}
 I - a scroll of acquirement {unknown}
 K - 2 scrolls of enchant armour {unknown}
 L - a scroll of vulnerability {unknown}
Potions
 c - 2 potions of ambrosia {unknown}
 d - 3 potions of attraction {unknown}
 e - 3 potions of flight {unknown}
 h - a potion of magic {unknown}
 i - 4 potions of heal wounds {unknown}
 j - a potion of might {unknown}
 l - 3 potions of brilliance {unknown}
 p - a potion of cancellation {unknown}
 q - 3 potions of curing
 s - a potion of resistance {unknown}
 z - a potion of berserk rage {unknown}
 C - a potion of haste {unknown}
 E - a potion of lignification {unknown}


   Skills:
 + Level 5.6 Fighting
 - Level 3.8 Axes
 + Level 4.7 Armour
 - Level 1.7 Dodging
 + Level 4.2 Shields
 * Level 11.8 Unarmed Combat


You had 9 spell levels left.
You didn't know any spells.
Your spell library contained the following spells:

 Spells                   Type           Power      Damage    Failure   Level
 Beastly Appendage        Tmut           0%         N/A       54%         1
 Kiss of Death            Conj/Necr      0%         2d5       54%         1
 Summon Small Mammal      Summ           0%         N/A       54%         1
 Blink                    Tloc           0%         N/A       67%         2
 Lesser Beckoning         Tloc           0%         N/A       67%         2
 Momentum Strike          Conj/Tloc      0%         3d8       67%         2
 Sublimation of Blood     Necr           0%         N/A       67%         2
 Wereblood                Tmut           0%         N/A       67%         2
 Call Canine Familiar     Summ           0%         N/A       88%         3
 Confusing Touch          Hex            0%         N/A       88%         3
 Ozocubu's Armour         Ice            0%         N/A       88%         3
 Spider Form              Tmut/Pois      0%         N/A       88%         3
 Summon Guardian Golem    Hex/Summ       0%         N/A       88%         3
 Dispel Undead            Necr           0%         3d6       99%         4
 Petrify                  Tmut/Erth      0%         N/A       99%         4
 Irradiate                Conj/Tmut      0%         3d11      100%        5
 Ozocubu's Refrigeration  Ice            0%         4d7       100%        7


Dungeon Overview and Level Annotations

Branches:
Dungeon (9/15)             Temple (1/1) D:7            Lair (0/5) D:9
    Orc: D:9-12

Altars:
Ashenzari
Cheibriados
Dithmenos
Fedhas
Gozag
Hepliaklqana
Kikubaaqudgha
Nemelex Xobeh
Okawaru
Qazlal
Ru
Trog
Uskayaw
Wu Jian
Yredelemnul

Shops:
D:4 ?(

Annotations:
D:5 1 runed translucent door


Innate Abilities, Weirdness & Mutations

You have hoof-like feet.
You have a pair of small horns on your head.
Your demonic aura sometimes causes spilled blood to erupt in flames.
You are mostly covered in sharp spines.
You have a tail ending in a sharp stinger.


Message History

The shadow flickers and vanishes!
Deactivating autopickup; reactivate with Ctrl-A.
The shadow strikes at you from the darkness!
Reactivating autopickup.
You take 18 damage, and have 26/76 hp.
MASSIVE DAMAGE!!
You hit the shadow but do no damage.
You headbutt the shadow, but do no damage.
The shadow slips into darkness.
The shadow flickers and vanishes!
Deactivating autopickup; reactivate with Ctrl-A.
The bullfrog gives a loud, deep croak!
You hit something. Your headbutt misses something.
Your tail-slap misses something.
You hear a shout!
The shadow strikes at you from the darkness!
* * * LOW HITPOINT WARNING * * *
Reactivating autopickup.
You take 13 damage, and have 13/76 hp.
You hit the shadow.
The shadow is moderately damaged.
The shadow slips into darkness.
The shadow flickers and vanishes!
Deactivating autopickup; reactivate with Ctrl-A.
It was a potion of curing.
You feel better.
q - 3 potions of curing;
b - an amulet of guardian spirit The shadow strikes at you from the darkness!
* * * LOW HITPOINT WARNING * * *
Reactivating autopickup.
The shadow is struck by your spines. The shadow misses you.
You take 13 damage, and have 1/76 hp.
You're still recovering from your berserk rage.
You closely miss the shadow.
You headbutt the shadow, but do no damage.
The shadow is moderately damaged.
The shadow is struck by your spines. The shadow misses you.
An orc comes into view. It is wielding a +0 mace.
You closely miss the shadow.
The shadow is heavily damaged.
The shadow is struck by your spines. The shadow hits you!
You die... ...... ....... . ....... o. ....... ... ....... .... ....W.o ..... ###### hz..... ......#####....####. oFz....

.....FW@............
#.....
############..#####
# ... ..P.###..+ # .
.......>.# #
...P.....# #
.PP....P.P...# .
P....P.......# .
...PP...P...## .
.P.....P.P....


You could see a shadow, a bullfrog and an orc.

Vanquished Creatures
  A two-headed ogre (D:8)
  Pikel (D:4)
  Sigmund (D:2)
  A wraith (D:9)
  3 yaks (D:8)
  A steam dragon (D:6)
  Menkaure (D:5)
  A water moccasin (D:7)
  An acid dragon (D:8)
  5 black bears
  2 sky beasts (D:6)
  2 orc warriors
  5 ice beasts
  An ogre (D:4)
  2 phantoms
  A lemure (D:4)
  A bullfrog (D:5)
  8 scorpions
  A gnoll sergeant (D:9)
  5 wights (D:9)
  5 killer bees (D:8)
  3 howler monkeys
  A crimson imp (D:4)
  2 jellies (D:7)
  4 orc priests
  3 sleepcaps
  A hound (D:4)
  6 orc wizards
  7 gnolls
  10 adders
  A white imp (D:4)
  An ufetubus (D:5)
  A worm (D:3)
  4 dart slugs
  18 orcs
  4 endoplasms
  3 giant cockroaches
  8 goblins
  6 hobgoblins
  A jackal (D:3)
  7 kobolds
  4 quokkas
  6 ball pythons
  5 bats
  4 frilled lizards
  7 rats
166 creatures vanquished.

Vanquished Creatures (others)
  26 fungi (D:9)
  31 plants
57 creatures vanquished.

Grand Total: 223 creatures vanquished

Notes
Turn   | Place    | Note
-------+----------+-------------------------------------------
     0 | D:1      | Dirtsage the Demonspawn Berserker began the quest for the
                  | Orb.
     0 | D:1      | Reached XP level 1. HP: 18/18 MP: 1/1
   217 | D:1      | Gained mutation: You are partially covered in sharp spines.
                  | [demonic ancestry]
   217 | D:1      | Reached XP level 2. HP: 23/24 MP: 2/2
   269 | D:1      | You fall into a shaft and drop 1 floor!
   696 | D:2      | Discovered your monstrous ancestry.
   696 | D:2      | Gained mutation: You have large cloven feet. [demonic
                  | ancestry]
   696 | D:2      | Reached XP level 3. HP: 27/29 MP: 3/3
   851 | D:2      | Noticed Sigmund
   863 | D:2      | Killed Sigmund
   864 | D:2      | Reached skill level 3 in Unarmed Combat
   864 | D:2      | Gained mutation: You have a small tail. [demonic ancestry]
   864 | D:2      | Reached XP level 4. HP: 25/35 MP: 4/4
   864 | D:2      | Gained mutation: You have a tail ending in a sharp stinger.
                  | [demonic ancestry]
   864 | D:2      | Reached XP level 5. HP: 29/41 MP: 5/5
  1138 | D:2      | Reached ** piety under Trog
  1197 | D:2      | Reached skill level 4 in Unarmed Combat
  1487 | D:3      | Found an iron altar of Okawaru.
  2051 | D:3      | Gained mutation: Your demonic aura sometimes causes spilled
                  | blood to erupt in flames. [demonic ancestry]
  2051 | D:3      | Reached XP level 6. HP: 47/47 MP: 6/6
  2061 | D:3      | Reached skill level 5 in Unarmed Combat
  2700 | D:4      | Noticed Pikel
  2739 | D:4      | Killed Pikel
  2740 | D:4      | Reached skill level 7 in Unarmed Combat
  2740 | D:4      | Gained mutation: You have hoof-like feet. [demonic
                  | ancestry]
  2740 | D:4      | Reached XP level 7. HP: 52/52 MP: 7/7
  2947 | D:4      | Reached skill level 8 in Unarmed Combat
  2947 | D:4      | Gained mutation: You are mostly covered in sharp spines.
                  | [demonic ancestry]
  2947 | D:4      | Reached XP level 8. HP: 58/58 MP: 8/8
  2957 | D:4      | Found a snail-covered altar of Cheibriados.
  3007 | D:4      | Reached *** piety under Trog
  3078 | D:4      | Found Uweali's Magic Scroll Shoppe.
  3089 | D:4      | Bought a scroll of fear for 48 gold pieces
  3089 | D:4      | Bought a scroll of teleportation for 36 gold pieces
  3258 | D:4      | Found Nerungich's Antique Weapon Boutique.
  3675 | D:4      | Found an ancient bone altar of Kikubaaqudgha.
  3731 | D:5      | Entered Level 5 of the Dungeon
  3760 | D:5      | Reached skill level 9 in Unarmed Combat
  3788 | D:5      | Found a runed translucent door.
  3792 | D:5      | Found a basalt altar of Yredelemnul.
  3899 | D:5      | Noticed Menkaure
  3908 | D:5      | Killed Menkaure
  4532 | D:6      | Reached skill level 10 in Unarmed Combat
  4624 | D:6      | Gained mutation: You have a pair of small horns on your
                  | head. [demonic ancestry]
  4624 | D:6      | Reached XP level 9. HP: 60/64 MP: 9/9
  4649 | D:6      | Found a sparkling altar of Nemelex Xobeh.
  4725 | D:6      | Reached skill level 1 in Shields
  5042 | D:6      | Reached **** piety under Trog
  5473 | D:7      | Found a staircase to the Ecumenical Temple.
  5483 | Temple   | Entered the Ecumenical Temple
  5813 | D:7      | Found a bloodstained altar of Trog.
  5908 | D:7      | Found a sacrificial altar of Ru.
  6247 | D:8      | Reached skill level 11 in Unarmed Combat
  6530 | D:8      | Noticed a two-headed ogre
  6536 | D:8      | Killed a two-headed ogre
  6537 | D:8      | Reached skill level 5 in Fighting
  6537 | D:8      | Reached XP level 10. HP: 74/74 MP: 10/10
  6579 | D:8      | Found a shadowy altar of Dithmenos.
  7382 | D:9      | Found a staircase to the Lair.
  7399 | D:9      | HP: 1/76 [something (24)]
  7401 | D:9      | Mangled by a shadow

Illustrated notes

Levels and vault maps discovered:
D:1:      pf_arrival_petrified_forest, layout_basic, serial_forest,
          infiniplex_forest_end_3, infiniplex_forest_clump_curved,
          infiniplex_forest_join, infiniplex_forest_clump_tiny,
          infiniplex_forest_pool, infiniplex_forest_clump_tiny,
          infiniplex_forest_clump_cross
D:2:      layout_loops_ring, uniq_sigmund
D:3:      minmay_inner_zag, layout_basic, overflow_temple_1_default,
          kennysheep_cross_room, dk_noncrumbling_2, roderic_serpentine_path,
          minmay_checkerbox
D:4:      layout_basic, marbit_many_paths, amethyst_overflow_temple_binary,
          serial_shops, nicolae_stop_n_shop_1, shop, minmay_fire_ice_demons,
          uniq_pikel
D:5:      layout_basic, dk_yredelemnul_ordeal, uniq_menkaure
D:6:      layout_loops_corners, nemelex_spade_bored_becter
D:7:      layout_loops_ring, mainiacjoe_overflow_surrounded_room,
          lemuel_doored_altar, minmay_temple_entry_arrows
D:8:      layout_basic, mainiacjoe_overflow_24_doors
D:9:      layout_irregular_city, mainiacjoe_overflow_alcove_2,
          grunt_temple_overflow_lords_of_destruction,
          due_lair_maze_entry_diamond, hangedman_abyss_or_decor_slice
Temple:   jpeg_temple_island

Skill      XL: |  1  2  3  4  5  6  7  8  9 10 |
---------------+-------------------------------+-----
Axes           | 3 |  3.8
Unarmed Combat | 3 4 7 8 10 11 | 11.8
Armour         | 2 4 |  4.7
Shields        | 3 4 |  4.2
Fighting       | 5 |  5.6
Dodging        | |  1.7

Action                     |  1- 3 |  4- 6 |  7- 9 | 10-12 || total
---------------------------+-------+-------+-------+-------++-------
  Melee: Hand axe          |    53 |       |       |       ||    53
         Punch             |     1 |     1 |     9 |     4 ||    15
         Kick              |     2 |    15 |       |       ||    17
         Unarmed           |       |   104 |   183 |    70 ||   357
         Tailslap          |       |     8 |    25 |    10 ||    43
         Headbutt          |       |       |    12 |    15 ||    27
 Invoke: Berserk           |     1 |     2 |     3 |     4 ||    10
    Use: Scroll            |       |       |       |     1 ||     1
         Potion            |       |       |       |     1 ||     1
   Stab: Sleeping          |     2 |     1 |       |       ||     3
 Armour: Animal skin       |     8 |     2 |       |       ||    10
         Ring mail         |       |    17 |    53 |    37 ||   107
  Dodge: Dodged            |    34 |    38 |    63 |    42 ||   177

Table legend: (Time is in decaauts)
 A = Elapsed time spent in this place.
 B = Non-inter-level travel time spent in this place.
 C = Inter-level travel time spent in this place.
 D = Time resting spent in this place.
 E = Time spent auto-exploring this place.
 F = Levels seen in this place.
 G = Mean time per level.
                   A        B        C        D        E       F      G
               +--------+--------+--------+--------+--------+-----+--------+
         Total |   7440 |   7259 |    181 |    924 |   5426 |  10 |  744.0 |
       Dungeon |   7355 |   7206 |    149 |    924 |   5379 |   9 |  817.2 |
        Temple |     84 |     52 |     32 |      0 |     47 |   1 |   84.0 |
               +--------+--------+--------+--------+--------+-----+--------+

Top non-repeatable levels by time:
     D:3: 1359 daAuts
     D:4: 1039 daAuts
     D:8: 916 daAuts
     D:6: 882 daAuts
     D:5: 748 daAuts
     D:2: 735 daAuts
     D:1: 615 daAuts
     D:7: 592 daAuts
     D:9: 466 daAuts
  Temple: 84 daAuts
